 Dungeon Crawl Stone Soup version 0.29.1-1-gd02db6906a (webtiles) character file.

Game seed: 11048550242790852503

9 ImASeal the Sneak (level 2, -3/29 HPs)
             Began as a Troll Delver on Oct 18, 2022.
             Splashed by a jelly's acid (8 damage)
             ... on level 4 of the Dungeon.
             The game lasted 00:01:22 (112 turns).

ImASeal the Sneak (Troll Delver)                     Turns: 112, Time: 00:01:24

Health: -3/29      AC:  0    Str: 19    XL:     2   Next: 6%
Magic:  1/1        EV:  9    Int:  6    God:
Gold:   0          SH:  0    Dex: 11    Spells: 1/1 levels left

rFire   . . .      SeeInvis .   a - +0 mace
rCold   . . .      Faith    .   (no shield)
rNeg    . . .      Spirit   .   b - +0 robe
rPois   .          Reflect  .   (helmet restricted)
rElec   .          Harm     .   (no cloak)
rCorr   .          Rampage  .   (gloves unavailable)
Will    .....                   (boots unavailable)
Stlth   ++........              (no amulet)
HPRegen 0.89/turn               (no ring)
MPRegen 0.07/turn               (no ring)

@: corroded
A: large, unfitting armour, claws 3, regeneration 1, shaggy fur 1, tough skin 1
a: no special abilities


You were on level 4 of the Dungeon.
You visited 1 branch of the dungeon, and saw 2 of its levels.

Inventory:

Hand Weapons
 a - a +0 mace (weapon)
Missiles
 i - 8 stones (quivered)
Armour
 b - a +0 robe (worn)
Wands
 g - a wand of digging (3)
Scrolls
 d - a scroll of magic mapping
 e - a scroll of fear
Potions
 h - a potion of brilliance {unknown}


   Skills:
 + Level 2.5 Fighting
 + Level 1.8 Maces & Flails
 + Level 1.6 Dodging
 + Level 3.0 Stealth


You had one spell level left.
You didn't know any spells.
Your spell library was empty.

Dungeon Overview and Level Annotations

Branches:
Dungeon (5/15)
 Temple: D:4-7

Altars:

Shops:
D:5 ?


Innate Abilities, Weirdness & Mutations

You are too large for most types of armour.
You have claws for hands.
Your natural rate of healing is unusually fast.
You are covered in fur. (AC +1)
You have tough skin. (AC +1)


Message History

The adder is severely wounded.
The adder bites you but does no damage.
You hit the adder.
The adder is almost dead.
The adder barely misses you.
You miss the adder.
The adder is almost dead.
You feel yourself slow down. The adder bites you.
You closely miss the adder.
The adder is almost dead.
The adder bites you. x2
You sock the adder!
You kill the adder!
Your Stealth skill increases to level 3!
You have reached level 2!
You start resting.
An orc wizard is nearby!
There is a stone staircase leading down here.
The jelly quivers.
The jelly hits you but does no damage.
You hit the jelly but do no damage.
Your claws burn!
The jelly hits you but does no damage.
You barely miss the jelly. The jelly hits you but does no damage.
You completely miss the jelly. The jelly hits you.
You are splashed with acid!
The jelly hits you but does no damage.
You sock the jelly!
Your claws burn!
The jelly is heavily wounded.
The jelly hits you but does no damage.
You hit the jelly.
Your claws burn!
The jelly is heavily wounded.
The jelly hits you.
You are splashed with acid!
* * * LOW HITPOINT WARNING * * *
You hit the jelly. The acid corrodes you!
Your claws burn!
* * * LOW HITPOINT WARNING * * *
The jelly is severely wounded.
The jelly barely misses you. The jelly hits you.
* * * LOW HITPOINT WARNING * * *
You are splashed with acid!
You die...

#...#...#.####
# #...###J#
##..# #.# #..#
#?# #..# #.###
#.># #...#
##.# ###.#
#.#####.#
#..@.##.#
####J##.#
#.##o# #.##.#
#.##.# #.##.#
#.##J# #.##.#
#....#


You could see a jelly.

Vanquished Creatures
  An adder (D:4)
  A ball python (D:4)
2 creatures vanquished.

Notes
Turn   | Place    | Note
-------+----------+-------------------------------------------
     0 | D:5      | ImASeal the Troll Delver began the quest for the Orb.
     0 | D:5      | Reached XP level 1. HP: 22/22 MP: 0/0
     0 | D:5      | Found Ujayklem's Magic Scroll Emporium.
    15 | D:5      | Noticed an orc wizard
    17 | D:5      | Noticed an orc wizard
    26 | D:4      | Noticed a jelly
    32 | D:4      | Noticed an orc wizard
    72 | D:4      | Reached skill level 3 in Stealth
    72 | D:4      | Reached XP level 2. HP: 24/29 MP: 1/1
   112 | D:4      | Splashed by a jelly's acid

Illustrated notes

Levels and vault maps discovered:
D:4:      layout_basic
D:5:      layout_cave_pools, serial_shops, shop, chequers_mini_garden,
          chequers_serial_rivers_micro_d, palyth_stone_intersect

Skill      XL: |  1 |
---------------+----+-----
Stealth        | 3 |  3.0
Fighting       | |  2.5
Maces & Flails | |  1.8
Dodging        | |  1.6

Action                   || total
-------------------------++-------
Melee: Mace              ||    14
  Use: Scroll            ||     1
       Potion            ||     1
Armor: Robe              ||     8
Dodge: Dodged            ||     6
